 Dungeon Crawl Stone Soup version 0.19.5 (webtiles) character file.

1801 Lizzreth the Carver (level 8, 0/74 HPs)
             Began as a Troll Fighter on Mar 14, 2017.
             Was a Follower of Dithmenos.
             Engulfed by a cloud of steam (5 damage)
             ... on level 7 of the Dungeon.
             The game lasted 00:32:05 (5201 turns).

Lizzreth the Carver (Troll Fighter)                 Turns: 5201, Time: 00:32:06

Health: 0/74       AC: 13    Str: 25    XL:     8   Next: 83%
Magic:  7/7        EV:  8    Int:  7    God:    Dithmenos [*.....]
Gold:   224        SH:  9    Dex: 11    Spells: 0 memorised, 7 levels left

rFire  . . .     SeeInvis .     y - +1 falchion (protect)
rCold  . . .     Gourm    +     b - +1 robe
rNeg   . . .     Faith    .     c - +0 shield
rPois  .         Spirit   .     (helmet restricted)
rElec  .         Reflect  .     (no cloak)
rCorr  .         Harm     .     (gloves unavailable)
MR     .....                    (boots unavailable)
Stlth  +.........               s - amulet of magic regeneration
                                B - +3 ring of intelligence
                                q - ring of flight

@: protection aura, wreathed by umbra
A: unfitting armour, claws 3, fast metabolism 3, gourmand, regeneration 1,
shaggy fur 1, tough skin 2
a: Renounce Religion, Evoke Flight


You were on level 7 of the Dungeon.
You worshipped Dithmenos.
Dithmenos was aware of your devotion.
You were very full.

You visited 1 branch of the dungeon, and saw 7 of its levels.

You collected 314 gold pieces.
You spent 90 gold pieces at shops.

Inventory:

Hand Weapons
 a - a +0 long sword
 r - a +4 long sword
 y - a +1 falchion of protection (weapon)
 C - a +0 scimitar
Armour
 b - a +1 robe (worn)
 c - a +0 shield (worn)
Jewellery
 q - a ring of flight (left claw)
 s - an amulet of magic regeneration (around neck)
 A - an uncursed ring of ice
 B - a +3 ring of intelligence (right claw)
Scrolls
 g - a scroll of teleportation
 h - 5 scrolls of identify
 j - 3 scrolls of magic mapping
 p - 4 scrolls of remove curse
 w - 2 scrolls of amnesia
Potions
 d - a potion of might
 e - 2 potions of lignification
 i - 2 potions of brilliance {unknown}
 k - a potion of curing
 l - a potion of invisibility {unknown}
 o - a potion of resistance {unknown}
 t - a potion of haste {unknown}
 x - a potion of flight {unknown}
 z - a potion of cure mutation {unknown}
Books
 u - a book of Minor Magic

   Spells                             Type                      Level
   a - Magic Dart                     Conjuration                  1
   b - Blink                          Translocation                2
   c - Call Imp                       Summoning                    2
   d - Repel Missiles                 Charms/Air                   2
   e - Slow                           Hexes                        2
   f - Conjure Flame                  Conjuration/Fire             3
   g - Mephitic Cloud                 Conjuration/Poison/Air       3
Comestibles
 f - 3 bread rations
 m - 3 meat rations
 n - a royal jelly
 v - 8 fruits


   Skills:
 - Level 2.4 Fighting
 + Level 9.7 Long Blades
 - Level 2.4 Dodging
 - Level 2.4 Shields


You had 7 spell levels left.
You didn't know any spells.

Dungeon Overview and Level Annotations

Branches:
Dungeon (7/15)             Temple (0/1) D:6

Altars:
Dithmenos
Gozag
Nemelex Xobeh
Sif Muna
Uskayaw

Shops:
D:6 *


Innate Abilities, Weirdness & Mutations

You are too large for most types of armour.
You have claws for hands.
Your metabolism is lightning-fast.
You like to eat raw meat.
Your natural rate of healing is unusually fast.
You are covered in fur. (AC +1)
You have very tough skin. (AC +2)


Message History

The steam dragon claws you but does no damage.
You hit the steam dragon.
The steam dragon is almost dead.
The steam dragon bites you but does no damage.
The steam dragon claws you but does no damage.
You closely miss the steam dragon.
The steam dragon is almost dead.
The steam dragon bites you!
* * * LOW HITPOINT WARNING * * *
The steam dragon claws you but does no damage.
You barely miss the steam dragon.
The steam dragon is almost dead.
The steam dragon breathes steam at you. The ball of steam hits you!
* * * LOW HITPOINT WARNING * * *
You hit the steam dragon.
You kill the steam dragon!
Dithmenos accepts your kill.
You are engulfed in a cloud of scalding steam.
You die...

#..(......>..........
#....................
#....................
#....................
#....................
#....................
#...§................
#...§................
#...@................
#....................
#....................
#...............)....
#....................
#....................
#....................
#....................
..............


There were no monsters in sight!

Vanquished Creatures
  Sigmund (D:6)
  A steam dragon (D:7)
  An ice beast (D:5)
  A phantom (D:4)
  A sky beast (D:6)
  An ogre (D:4)
  A centaur (D:5)
  A scorpion (D:6)
  5 wights (D:5)
  2 howler monkeys (D:5)
  A crimson imp (D:6)
  4 orc priests
  2 hounds
  3 jellies
  4 iguanas
  2 orc wizards
  2 worker ants
  2 worker ant zombies
  Robin (D:2)
  A howler monkey skeleton (D:3)
  5 adders
  A shadow imp (D:6)
  2 oozes
  An adder zombie (D:3)
  An adder skeleton (D:4)
  2 worms
  3 dart slugs
  A leopard gecko (D:6)
  20 orcs
  2 giant cockroaches
  13 goblins
  8 hobgoblins
  2 jackals (D:2)
  2 quokkas
  A ball python skeleton (D:3)
  3 ball python zombies (D:3)
  10 bats
  7 frilled lizards
  A jackal skeleton (D:3)
  6 kobolds
  A leopard gecko zombie (D:5)
  A quokka skeleton (D:3)
  A quokka zombie (D:5)
  10 rats
141 creatures vanquished.

Vanquished Creatures (others)
  A quokka (D:7)
1 creature vanquished.

Grand Total: 142 creatures vanquished

Notes
Turn   | Place    | Note
-------+----------+-------------------------------------------
     0 | D:1      | Lizzreth the Troll Fighter began the quest for the Orb.
     0 | D:1      | Reached XP level 1. HP: 22/22 MP: 0/0
   129 | D:1      | Reached skill level 2 in Long Blades
   220 | D:1      | Reached XP level 2. HP: 26/29 MP: 1/1
   623 | D:2      | You fall through a shaft for 2 floors!
   644 | D:4      | Reached XP level 3. HP: 36/36 MP: 2/2
   675 | D:4      | Reached skill level 3 in Long Blades
   740 | D:4      | Found an opulent altar of Gozag.
   775 | D:4      | Reached XP level 4. HP: 44/44 MP: 3/3
   909 | D:4      | Noticed a phantom
   941 | D:4      | Found a deep blue altar of Sif Muna.
   944 | D:4      | Reached skill level 4 in Long Blades
  1009 | D:4      | Killed a phantom
  1009 | D:4      | Reached XP level 5. HP: 50/50 MP: 4/4
  1015 | D:4      | Found a sparkling altar of Nemelex Xobeh.
  1022 | D:4      | Reached skill level 5 in Long Blades
  1033 | D:4      | Reached XP level 6. HP: 38/59 MP: 5/5
  1615 | D:3      | Reached skill level 6 in Long Blades
  2358 | D:2      | Noticed Robin
  2366 | D:2      | Reached XP level 7. HP: 61/66 MP: 6/6
  2379 | D:2      | Killed Robin
  2641 | D:2      | Found a faded altar of an unknown god.
  3330 | D:5      | Entered Level 5 of the Dungeon
  3435 | D:5      | Reached skill level 7 in Long Blades
  4081 | D:5      | Found a shadowy altar of Dithmenos.
  4126 | D:5      | Became a worshipper of Dithmenos the Shadowed
  4222 | D:5      | Reached skill level 8 in Long Blades
  4222 | D:5      | Reached XP level 8. HP: 37/74 MP: 7/7
  4266 | D:5      | HP: 3/74 [wight/enchanted trident (11)]
  4622 | D:6      | Found a staircase to the Ecumenical Temple.
  4730 | D:6      | Noticed Sigmund
  4752 | D:6      | Killed Sigmund
  4800 | D:6      | Reached skill level 9 in Long Blades
  4873 | D:6      | Found Pigad's General Store.
  4882 | D:6      | Bought a scroll of enchant weapon for 90 gold pieces
  4971 | D:6      | Found a hide-covered altar of Uskayaw.
  5130 | D:7      | Reached * piety under Dithmenos
  5201 | D:7      | Engulfed by a cloud of steam

Skill      XL: |  1  2  3  4  5  6  7  8 |
---------------+-------------------------+-----
Long Blades    | 2 3 4 5 6 8 9 |  9.7
Fighting       | |  2.4
Dodging        | |  2.4
Shields        | |  2.4

Action                   |  1- 3 |  4- 6 |  7- 9 || total
-------------------------+-------+-------+-------++-------
Melee: Long sword        |    74 |   202 |   257 ||   533
       Falchion          |       |       |    50 ||    50
  Use: Potion            |       |       |     7 ||     7
       Scroll            |       |       |     9 ||     9
 Stab: Sleeping          |       |     1 |     1 ||     2
       Distracted        |       |       |     1 ||     1
  Eat: Chunk             |     8 |    12 |    20 ||    40
       Bread ration      |       |       |     3 ||     3
Armor: Robe              |    27 |    51 |    74 ||   152
       Skin              |       |       |    45 ||    45
Dodge: Dodged            |    32 |    78 |    64 ||   174
Block: Shield            |    32 |    85 |   132 ||   249
       Rpst.: Long sword |    14 |    27 |    15 ||    56
       Falchion          |       |       |     3 ||     3
